 Dungeon Crawl Stone Soup version 0.25-a0-577-ga4619f4 (webtiles) character file.

Game seed: 5731927810225943980, levelgen mode: deterministic

2102 Faels the Carver (level 9, -1/72 HPs)
             Began as a Demonspawn Fighter on Mar 2, 2020.
             Was a Follower of Okawaru.
             Killed by divine providence
             ... invoked by an orc priest
              (10 damage)
             ... on level 7 of the Dungeon.
             The game lasted 00:19:16 (8068 turns).

Faels the Carver (Demonspawn Fighter)               Turns: 8068, Time: 00:19:17

Health: -1/72      AC:  9    Str: 17    XL:     9   Next: 7%
Magic:  8/9        EV:  5    Int:  9    God:    Okawaru [*.....]
Gold:   498        SH: 12    Dex: 16    Spells: 8/8 levels left

rFire    . . .     SeeInvis .   F - +3 scimitar
rCold    + . .     Gourm    .   c - +0 kite shield
rNeg     . . .     Faith    .   B - +0 chain mail
rPois    +         Spirit   .   (no helmet)
rElec    .         Reflect  .   (no cloak)
rCorr    .         Harm     .   (gloves unavailable)
MR       .....                  y - +0 pair of boots
Stlth    ..........             (no amulet)
HPRegen  0.22/turn              u - ring of protection from cold
MPRegen  0.11/turn              d - ring of poison resistance

@: heavily drained
A: claws 3, large bone plates 1, foul stench 1, rot immunity
a: Heroism, Renounce Religion


You were on level 7 of the Dungeon.
You worshipped Okawaru.
Okawaru was aware of your devotion.
You were not hungry.

You visited 2 branches of the dungeon, and saw 8 of its levels.

You collected 498 gold pieces.

Inventory:

Hand Weapons
 a - a +0 long sword
 n - a +2 dagger of speed
 w - a +3 trident of protection
 F - a +3 scimitar (weapon)
Missiles
 k - 10 boomerangs
 o - 4 atropa-tipped darts
 p - 13 poisoned darts
 t - 8 javelins (quivered)
Armour
 b - a +0 scale mail
 c - a +0 kite shield (worn)
 y - a +0 pair of boots (worn)
 z - a +0 pair of gloves
 B - a +0 chain mail (worn)
Jewellery
 d - a ring of poison resistance (right claw)
 u - a ring of protection from cold (left claw)
 v - a +3 ring of protection
Wands
 i - a wand of scattershot (4)
 A - a wand of paralysis (7)
 E - a wand of disintegration (21)
Scrolls
 e - a scroll of teleportation
 g - a scroll of fear {unknown}
 h - 4 scrolls of remove curse
 j - 2 scrolls of amnesia
 q - a scroll of fog {unknown}
 x - a scroll of blinking {unknown}
 G - a scroll of random uselessness {unknown}
 H - a scroll of noise {unknown}
Potions
 l - a potion of haste
 m - a potion of stabbing
 r - 2 potions of magic {unknown}
 s - a potion of brilliance {unknown}
 C - a potion of lignification {unknown}
 D - a potion of curing
 I - 2 potions of resistance {unknown}
Comestibles
 f - 12 rations


   Skills:
 + Level 7.3(6.0) Fighting
 * Level 8.7(7.4) Long Blades
 - Level 2.6(1.5) Armour
 - Level 3.0(1.8) Dodging
 - Level 2.6(1.5) Shields


You had 8 spell levels left.
You didn't know any spells.
Your spell library contained the following spells:

 Spells                   Type           Power        Failure   Level  Hunger
 Animate Skeleton         Necr           N/A          100%        1    ##.....
 Pain                     Necr           #...         100%        1    ##.....
 Vampiric Draining        Necr           #.........   100%        3    ####...
 Animate Dead             Necr           N/A          100%        4    #####..
 Agony                    Necr           #.......     100%        5    ######.


Dungeon Overview and Level Annotations

Branches:
Dungeon (7/15)             Temple (1/1) D:5

Altars:
Dithmenos
Elyvilon
Hepliaklqana
Kikubaaqudgha
Makhleb
Okawaru
Ru
Uskayaw
Vehumet
Wu Jian
The Shining One


Innate Abilities, Weirdness & Mutations

You have claws for hands.
You are partially covered in large bone plates. (SH +4)
You may emit foul miasma when damaged in melee.
You are immune to rotting.


Message History

The orc priest is moderately wounded.
You block the orc priest's attack. You block the orc warrior's attack.
The orc closely misses you.
You hit the orc priest.
The orc priest is heavily wounded.
You feel like a meek peon again. The orc priest barely misses you.
The orc warrior hits you from afar with a +0 glaive.
* * * LOW HITPOINT WARNING * * *
You hit the orc priest but do no damage.
The orc priest is heavily wounded.
You block the orc's attack. You block the orc priest's attack.
You closely miss the orc priest.
The orc priest is heavily wounded.
The orc warrior hits you from afar with a +0 glaive.
* * * LOW HITPOINT WARNING * * *
You block the orc's attack.
The orc priest calls down the wrath of Beogh upon you.
Beogh smites you!
You die...

#.....####'###
#............#
#............# .
#....).......# ..
#............#
...######.......#
........#o......#
#...#o......#
#...@o......#
#...#........
#...#........
#...########.
#..........#
#..........#..
#..........'..
##'####....#..
#....##+#####...########


You could see an orc warrior, an orc priest and an orc.

Vanquished Creatures
  A hippogriff (D:5)
  Grinder (D:5)
  Menkaure (D:7)
  An ice beast (D:6)
  A sky beast (D:5)
  A phantom (D:5)
  2 ogres (D:4)
  Blork the orc (D:4)
  A bullfrog (D:6)
  2 scorpions (D:5)
  A killer bee (D:4)
  5 wights
  A crimson imp (D:6)
  2 jellies (D:5)
  2 hounds
  An iron imp (D:5)
  5 orc priests
  A bullfrog skeleton (D:5)
  2 iguanas
  4 orc wizards
  2 worker ants
  A hound zombie (D:5)
  A howler monkey skeleton (D:7)
  4 adders
  2 shadow imps (D:6)
  An ooze (D:5)
  An adder skeleton (D:4)
  2 worms
  A dart slug (D:2)
  4 leopard geckos
  18 orcs
  5 bats
  A giant cockroach (D:4)
  4 goblins
  6 hobgoblins
  2 jackals (D:3)
  3 quokkas
  4 frilled lizards
  3 goblin zombies (D:5)
  A hobgoblin zombie (D:5)
  9 kobolds
  3 kobold skeletons (D:5)
  A kobold zombie (D:5)
  A leopard gecko zombie (D:7)
  An orc zombie (D:5)
  6 rats
123 creatures vanquished.

Notes
Turn   | Place    | Note
-------+----------+-------------------------------------------
     0 | D:1      | Faels the Demonspawn Fighter began the quest for the Orb.
     0 | D:1      | Reached XP level 1. HP: 18/18 MP: 1/1
    72 | D:1      | Reached skill level 2 in Long Blades
   232 | D:1      | Gained mutation: You are immune to rotting. [demonic
                  | ancestry]
   232 | D:1      | Reached XP level 2. HP: 24/24 MP: 2/2
   853 | D:2      | Found a burning altar of Makhleb.
   860 | D:2      | Reached skill level 1 in Dodging
   860 | D:2      | Gained mutation: You are partially covered in large bone
                  | plates. (SH +4) [demonic ancestry]
   860 | D:2      | Reached XP level 3. HP: 22/29 MP: 3/3
  1205 | D:2      | Found a hide-covered altar of Uskayaw.
  1234 | D:2      | Reached skill level 3 in Long Blades
  1330 | D:2      | Reached XP level 4. HP: 34/35 MP: 4/4
  2419 | D:3      | Gained mutation: You may emit foul miasma when damaged in
                  | melee. [demonic ancestry]
  2419 | D:3      | Reached XP level 5. HP: 33/42 MP: 5/5
  2962 | D:4      | Found a shadowy altar of Dithmenos.
  2991 | D:4      | Noticed Blork the orc
  3000 | D:4      | Killed Blork the orc
  3000 | D:4      | Reached skill level 4 in Long Blades
  3115 | D:4      | Noticed an ogre
  3123 | D:4      | Killed an ogre
  3123 | D:4      | Gained mutation: You have sharp fingernails. [demonic
                  | ancestry]
  3123 | D:4      | Reached XP level 6. HP: 34/49 MP: 6/6
  3804 | D:4      | Reached skill level 5 in Long Blades
  3859 | D:4      | Reached XP level 7. HP: 53/55 MP: 7/7
  3905 | D:5      | Entered Level 5 of the Dungeon
  3929 | D:5      | Reached skill level 5 in Fighting
  4325 | D:5      | Noticed a hippogriff
  4346 | D:5      | Killed a hippogriff
  4346 | D:5      | Reached skill level 6 in Long Blades
  4875 | D:5      | HP: 2/57 [iron imp (6)]
  5175 | D:5      | Gained mutation: You have very sharp fingernails. [demonic
                  | ancestry]
  5175 | D:5      | Reached XP level 8. HP: 56/64 MP: 8/8
  5320 | D:5      | Noticed Grinder
  5323 | D:5      | Found a glowing golden altar of the Shining One.
  5327 | D:5      | Paralysed by Grinder for 7 turns
  5346 | D:5      | Paralysed by Grinder for 7 turns
  5360 | D:5      | HP: 2/64 [iron imp (5)]
  5361 | D:5      | Killed Grinder
  5361 | D:5      | Reached skill level 7 in Long Blades
  5879 | D:5      | Found a staircase to the Ecumenical Temple.
  5885 | Temple   | Entered the Ecumenical Temple
  5898 | Temple   | Became a worshipper of Warmaster Okawaru
  6289 | D:5      | Found an ancient bone altar of Kikubaaqudgha.
  6792 | D:6      | Reached skill level 8 in Long Blades
  7233 | D:6      | Found an ornate altar of the Wu Jian Council.
  7420 | D:6      | Reached * piety under Okawaru
  7999 | D:7      | Noticed Menkaure
  8017 | D:7      | Killed Menkaure
  8017 | D:7      | Gained mutation: You have claws for hands. [demonic
                  | ancestry]
  8017 | D:7      | Reached XP level 9. HP: 72/72 MP: 7/9
  8068 | D:7      | Killed from afar by an orc priest

Levels and vault maps discovered:
D:1:      roderic_crop_circles_arrival_small, layout_basic,
          grunt_decor_arrowhead, grunt_decor_cap, solitary_fountain,
          minmay_pentomino_s4
D:2:      layout_rooms, lemuel_doored_altar, makhleb_blood_cavern_becter
D:3:      layout_basic
D:4:      layout_loops_cross, nicolae_overflow_crystal_walls,
          corexii_item_surrounded_by_moat, kennysheep_generic_room_6,
          uniq_blork_the_orc
D:5:      layout_cave_pods, nicolae_tso_besieged_by_evil, kennysheep_little_box,
          minmay_temple_entry_enclosed_plants, first_ration, uniq_grinder
D:6:      layout_rooms, lemuel_coloured_pillars_altar, minmay_parallelograms,
          grunt_ministairs_8, dk_noncrumbling_3
D:7:      layout_gridville, nicolae_ru_path_of_blood, uniq_menkaure
Temple:   nicolae_temple_god_jail

Skill      XL: |  1  2  3  4  5  6  7  8 |
---------------+-------------------------+-----
Long Blades    | 2 3 4 5 6 8 |  8.7
Dodging        | 1 2 3 |  3.0
Fighting       | 4 5 7 |  7.3
Armour         | |  2.6
Shields        | |  2.6

Action                   |  1- 3 |  4- 6 |  7- 9 || total
-------------------------+-------+-------+-------++-------
Melee: Long sword        |    86 |   167 |   290 ||   543
       Scimitar          |       |       |    31 ||    31
Throw: Javelin           |       |    11 |     4 ||    15
Invok: Heroism           |       |       |     2 ||     2
  Use: Scroll            |     1 |     6 |     3 ||    10
       Potion            |       |     6 |     3 ||     9
  Eat: Chunk             |     1 |     8 |    13 ||    22
       Ration            |       |       |     1 ||     1
Armor: Scale mail        |    36 |    62 |    67 ||   165
       Chain mail        |       |       |    30 ||    30
Dodge: Dodged            |    20 |    44 |    64 ||   128
Block: Kite shield       |    49 |   148 |   184 ||   381
       Rpst.: Long sword |    11 |     9 |     9 ||    29
       Scimitar          |       |       |     4 ||     4

Table legend:
 A = Non-vault XP
 B = Vault XP
 C = Vault XP percentage of total XP
 D = Non-vault monster count
 E = Vault monster count
 F = Vault count percentage of total count
                 A         B        C        D         E       F
            +---------+---------+-------+---------+---------+-------
      Total |    2350 |     654 |  21.8 |     105 |      18 |  14.6
            +---------+---------+-------+---------+---------+-------
        D:1 |      19 |       4 |  17.4 |      14 |       2 |  12.5
        D:2 |      56 |      43 |  43.4 |      16 |       1 |   5.9
        D:3 |     144 |       0 |   0.0 |      24 |       0 |   0.0
        D:4 |     341 |     140 |  29.1 |       8 |       2 |  20.0
        D:5 |    1042 |     292 |  21.9 |      24 |      11 |  31.4
        D:6 |     554 |       3 |   0.5 |      11 |       1 |   8.3
        D:7 |     194 |     172 |  47.0 |       8 |       1 |  11.1
            +---------+---------+-------+---------+---------+-------
